Panthers vs Flyers

Created - Thursday, December 18, 2014 at 23:34

Goals
1 2 3 T
Panthers 2 1 0 3
Flyers 2 2 0 4
Shots
1 2 3 T
Panthers 8 6 9 23
Flyers 10 7 6 23

1st period

1. Panthers , Jakob Silfverberg 5 (Adam Larsson) at 4:19 (PP)
2. Flyers , Evgeni Malkin 19 (Taylor Hall, Darcy Kuemper) at 8:05
3. Flyers , Evgeni Malkin 20 (Riley Nash) at 14:16
4. Panthers , Jakob Silfverberg 6 (Dustin Penner, Jack Hillen) at 18:53

Penalties :
Joe Colborne (Fla) for Hooking (Minor) at 1:58, P.K. Subban (Phi) for Tripping (Minor) at 4:08, Calvin de Haan (Fla) for Roughing (Minor) at 6:04, Chris Kreider (Phi) for Holding (Minor) at 19:20

2nd period

5. Panthers , Josh Bailey 7 (Mats Zuccarello, Jake Gardiner) at 0:38 (PP)
6. Flyers , Bryan Little 8 (P.K. Subban, Mikko Koivu) at 4:04
7. Flyers , P.K. Subban 10 (Bryan Little, Mikko Koivu) at 5:08

Penalties :
Joe Colborne (Fla) for Hooking (Minor) at 12:08

3rd period

No Goal

Penalties :
Jakob Silfverberg (Fla) for Hooking (Minor) at 1:14, Shawn Horcoff (Fla) for Holding (Minor) at 14:40, Chris Kreider (Phi) for Roughing (Minor) at 17:18

Goalie Stats

Cal Heeter (Fla), 19 saves from 23 shots - (0.826), L, 3-17-0, 59:07 minutes
Darcy Kuemper (Phi), 20 saves from 23 shots - (0.870), W, 7-1-0, 60:00 minutes

Players Stats for Panthers

Player Name              G  A  P  +/- PIM S  H  SB GA TA FO     MP     PP MP  PK MP  
------------------------------------------------------------------------------------
Adam Larsson             0  1  1  -1  0   0  0  1  1  6  0/0    20:37   1:35   6:55 
Alex Galchenyuk          0  0  0   0  0   0  3  0  1  0  4/6    14:50   0:23   0:00 
Brad Boyes               0  0  0  -1  0   2  2  1  0  0  1/5    22:31   1:02   6:35 
Calvin de Haan           0  0  0  -2  2   0  1  1  0  0  0/0     8:43   0:00   0:00 
Colin McDonald           0  0  0   0  0   0  1  0  0  0  0/1     7:41   0:00   0:00 
David Booth              0  0  0   0  0   3  3  0  1  1  1/1    14:35   0:00   0:51 
Dustin Penner            0  1  1  -2  0   2  2  0  1  0  0/1    17:56   2:03   0:27 
Jack Hillen              0  1  1  -1  0   0  1  1  1  5  0/0    22:32   1:35   6:55 
Jake Gardiner            0  1  1  -1  0   3  1  1  1  1  0/0    26:37   1:53   3:00 
Jakob Silfverberg        2  0  2  -2  2   7  0  0  3  0  0/0    17:04   2:03   0:00 
Joe Colborne             0  0  0   0  4   1  0  1  0  0  0/2    14:53   0:00   0:17 
Josh Bailey              1  0  1   0  0   2  2  1  1  0  0/0    14:28   1:25   2:22 
Marco Scandella          0  0  0  -1  0   0  1  2  1  4  0/0    25:50   1:53   3:00 
Mats Zuccarello          0  1  1  -1  0   1  2  1  0  1  1/6    18:55   1:25   7:33 
Nino Niederreiter        0  0  0   0  0   1  0  0  1  0  2/4     7:41   0:00   0:00 
Paul Ranger              0  0  0   0  0   0  0  0  0  0  0/0     0:00   0:00   0:00 
Seth Jones               0  0  0  -1  0   1  1  1  0  1  0/0    15:42   0:00   0:00 
Shawn Horcoff            0  0  0  -2  2   0  0  0  1  1  9/17   19:25   2:03   1:45 

Players Stats for Flyers

Player Name              G  A  P  +/- PIM S  H  SB GA TA FO     MP     PP MP  PK MP  
------------------------------------------------------------------------------------
Brian Strait             0  0  0   0  0   0  0  0  0  0  0/0     0:00   0:00   0:00 
Bryan Little             1  1  2   2  0   3  0  0  7  0  0/0    20:45   4:36   0:41 
Chris Kreider            0  0  0   0  4   2  2  0  2  1  0/1    13:50   0:23   0:00 
Daniel Winnik            0  0  0   0  0   0  0  0  0  0  0/0     7:01   0:00   0:00 
Dennis Seidenberg        0  0  0   0  0   0  0  1  0  4  0/0    16:54   0:00   3:22 
Evgeni Malkin            2  0  2   1  0   3  1  0  6  0  11/16  21:20   4:56   0:00 
Gabriel Landeskog        0  0  0   2  0   1  4  1  1  0  0/2    19:24   4:36   0:41 
Jack Johnson             0  0  0   2  0   3  2  3  1  2  0/0    18:49   0:00   3:22 
Jakub Voracek            0  0  0   1  0   0  0  0  2  0  1/1    16:47   5:19   0:00 
Jason Chimera            0  0  0   0  0   1  2  1  1  0  0/0    16:16   0:00   2:47 
Kris Letang              0  0  0   1  0   0  1  2  0  0  0/0    22:26   4:42   0:06 
Mark Letestu             0  0  0   0  0   0  0  0  1  0  4/12   16:48   0:00   2:47 
Mikko Koivu              0  2  2   2  0   1  3  0  4  0  8/9    19:15   4:36   0:00 
Niklas Kronwall          0  0  0   0  0   0  0  2  0  0  0/0    21:13   5:13   0:06 
P.K. Subban              1  1  2   3  2   3  1  0  2  0  0/0    21:52   4:42   0:00 
Riley Nash               0  1  1   0  0   0  2  0  1  0  1/2     7:01   0:00   0:00 
Slava Voynov             0  0  0   0  0   4  1  1  0  2  0/0    18:45   5:13   0:00 
Taylor Hall              0  1  1   1  0   2  0  0  3  0  0/0    18:03   5:19   0:00 

3 Stars

1 - Evgeni Malkin (Phi)
2 - Bryan Little (Phi)
3 - P.K. Subban (Phi)

Power Play

Panthers - 2 on 3 Attempt(s) - 66.67%
Flyers - 0 on 5 Attempt(s) - 0.00%

Penalty Kill

Panthers - 5 on 5 Attempt(s) - 100.00% - Score 0 goal in Penalty Kill
Flyers - 1 on 3 Attempt(s) - 33.33% - Score 0 goal in Penalty Kill

Official

Referees : Unknown
Linesman : Unknown

Game Notes

No Game Note

Finance

Level 1 -- Attendance: 6000 (100.00%) -- Ticket Income $486,000
Level 2 -- Attendance: 4032 (80.64%) -- Ticket Income $225,792
Level 3 -- Attendance: 2000 (100.00%) -- Ticket Income $62,000
Level 4 -- Attendance: 4000 (100.00%) -- Ticket Income $76,000
Luxury Box -- Attendance: 918 (91.80%) -- Ticket Income $165,240
Game was played at the Wachovia Center
Total Attendance: 16950 (94.17%)
Total Ticket Income: $1,015,032
Other Income: $497,366
Total Income: $1,512,398

Panthers

5 vs 5 Forward 
   Center                   Left Wing                Right Wing               Time % Phy DF OF 
 1 Brad Boyes               Mats Zuccarello          Josh Bailey              35     1   2  2  
 2 Shawn Horcoff            Dustin Penner            Jakob Silfverberg        30     1   2  2  
 3 Alex Galchenyuk          David Booth              Joe Colborne             22     1   2  2  
 4 Nino Niederreiter        Colin McDonald           Brad Boyes               13     1   2  2  

5 vs 5 Defense 
   Defense                  Defense                                           Time % Phy DF OF 
 1 Marco Scandella          Jack Hillen                                       35     1   2  2  
 2 Jake Gardiner            Seth Jones                                        30     1   2  2  
 3 Jake Gardiner            Adam Larsson                                      22     1   2  2  
 4 Marco Scandella          Calvin de Haan                                    13     1   2  2  

PowerPlay Forward 
   Center                   Left Wing                Right Wing               Time % Phy DF OF 
 1 Brad Boyes               Mats Zuccarello          Josh Bailey              60     1   2  2  
 2 Shawn Horcoff            Dustin Penner            Jakob Silfverberg        40     1   2  2  

PowerPlay Defense
   Defense                  Defense                                           Time % Phy DF OF 
 1 Marco Scandella          Jake Gardiner                                     60     1   2  2  
 2 Adam Larsson             Jack Hillen                                       40     1   2  2  

Penalty Kill 4 Players Forward 
   Center                   Wing                     Time % Phy DF OF 
 1 Mats Zuccarello          Brad Boyes               60     1   2  2  
 2 Shawn Horcoff            Josh Bailey              40     1   2  2  

Penalty Kill 4 Players Defense
   Defense                  Defense                  Time % Phy DF OF 
 1 Marco Scandella          Jake Gardiner            60     1   2  2  
 2 Adam Larsson             Jack Hillen              40     1   2  2  

Penalty Kill - 3 Players Forward 
   Forward                                           Time % Phy DF OF 
 1 Mats Zuccarello                                   60     1   2  2  
 2 Brad Boyes                                        40     1   2  2  

Penalty Kill - 3 Players Defense
   Defense                  Defense                  Time % Phy DF OF 
 1 Marco Scandella          Jake Gardiner            60     1   2  2  
 2 Adam Larsson             Jack Hillen              40     1   2  2  

4 vs 4 Forward 
   Center                   Wing                     Time % Phy DF OF 
 1 Mats Zuccarello          Brad Boyes               60     1   2  2  
 2 Shawn Horcoff            Josh Bailey              40     1   2  2  

4 vs 4 Defense
   Defense                  Defense                  Time % Phy DF OF 
 1 Marco Scandella          Adam Larsson             60     1   2  2  
 2 Jake Gardiner            Jack Hillen              40     1   2  2  

Last Minutes Offensive
   Center                   Left Wing                Right Wing               Defense                  Defense                  
   Brad Boyes               Mats Zuccarello          Josh Bailey              Marco Scandella          Jack Hillen              

Last Minutes Defensive
   Center                   Left Wing                Right Wing               Defense                  Defense                  
   Brad Boyes               Mats Zuccarello          Josh Bailey              Marco Scandella          Jack Hillen              

Goaltenders
Starting : Cal Heeter               
Backup : Eddie Lack               

Extra Forwards
Normal : Alex Galchenyuk, David Booth, Joe Colborne - PP : Alex Galchenyuk, David Booth - PK : Joe Colborne
Extra Defensemen
Normal : Marco Scandella, Adam Larsson, Jake Gardiner - PP : Marco Scandella - PK : Adam Larsson, Marco Scandella
Penalty Shots
Mats Zuccarello, Brad Boyes, Shawn Horcoff, Josh Bailey, Dustin Penner

Flyers

5 vs 5 Forward 
   Center                   Left Wing                Right Wing               Time % Phy DF OF 
 1 Evgeni Malkin            Taylor Hall              Jakub Voracek            36     0   0  5  
 2 Mikko Koivu              Gabriel Landeskog        Bryan Little             32     0   2  3  
 3 Mark Letestu             Chris Kreider            Jason Chimera            20     0   3  2  
 4 Riley Nash               Daniel Winnik            Evgeni Malkin            12     2   2  1  

5 vs 5 Defense 
   Defense                  Defense                                           Time % Phy DF OF 
 1 Jack Johnson             P.K. Subban                                       35     0   2  3  
 2 Kris Letang              Niklas Kronwall                                   35     0   2  3  
 3 Slava Voynov             Dennis Seidenberg                                 20     2   3  0  
 4 Slava Voynov             Dennis Seidenberg                                 10     1   4  0  

PowerPlay Forward 
   Center                   Left Wing                Right Wing               Time % Phy DF OF 
 1 Evgeni Malkin            Taylor Hall              Jakub Voracek            60     0   0  5  
 2 Mikko Koivu              Gabriel Landeskog        Bryan Little             40     0   0  5  

PowerPlay Defense
   Defense                  Defense                                           Time % Phy DF OF 
 1 Kris Letang              P.K. Subban                                       60     0   1  4  
 2 Slava Voynov             Niklas Kronwall                                   40     0   1  4  

Penalty Kill 4 Players Forward 
   Center                   Wing                     Time % Phy DF OF 
 1 Mark Letestu             Jason Chimera            60     0   4  1  
 2 Mikko Koivu              Daniel Winnik            40     0   5  0  

Penalty Kill 4 Players Defense
   Defense                  Defense                  Time % Phy DF OF 
 1 Jack Johnson             Dennis Seidenberg        60     0   4  1  
 2 Kris Letang              Niklas Kronwall          40     0   5  0  

Penalty Kill - 3 Players Forward 
   Forward                                           Time % Phy DF OF 
 1 Mark Letestu                                      50     0   5  0  
 2 Bryan Little                                      50     0   5  0  

Penalty Kill - 3 Players Defense
   Defense                  Defense                  Time % Phy DF OF 
 1 Jack Johnson             Dennis Seidenberg        60     0   5  0  
 2 Kris Letang              Niklas Kronwall          40     0   5  0  

4 vs 4 Forward 
   Center                   Wing                     Time % Phy DF OF 
 1 Evgeni Malkin            Taylor Hall              60     0   1  4  
 2 Bryan Little             Jakub Voracek            40     0   1  4  

4 vs 4 Defense
   Defense                  Defense                  Time % Phy DF OF 
 1 Kris Letang              P.K. Subban              60     1   3  1  
 2 Slava Voynov             Niklas Kronwall          40     1   3  1  

Last Minutes Offensive
   Center                   Left Wing                Right Wing               Defense                  Defense                  
   Evgeni Malkin            Taylor Hall              Jakub Voracek            Niklas Kronwall          P.K. Subban              

Last Minutes Defensive
   Center                   Left Wing                Right Wing               Defense                  Defense                  
   Mikko Koivu              Mark Letestu             Bryan Little             Jack Johnson             Niklas Kronwall          

Goaltenders
Starting : Darcy Kuemper            
Backup : Corey Crawford           

Extra Forwards
Normal : Evgeni Malkin, Taylor Hall, Jakub Voracek - PP : Chris Kreider, Mark Letestu - PK : Bryan Little
Extra Defensemen
Normal : Niklas Kronwall, Slava Voynov, Kris Letang - PP : Jack Johnson - PK : Slava Voynov, P.K. Subban
Penalty Shots
Taylor Hall, Bryan Little, Evgeni Malkin, Mikko Koivu, Gabriel Landeskog

% Time on Ice - Panthers

Lines # - Real PCT - Wanted PCT - Time Play
Normal Forward
1 - 21% - 35% - 9:57
2 - 34% - 30% - 15:38
3 - 29% - 22% - 13:21
4 - 16% - 13% - 7:41
Normal Defense
1 - 30% - 35% - 13:52
2 - 30% - 30% - 14:11
3 - 21% - 22% - 9:52
4 - 19% - 13% - 8:42
PP Forward
1 - 41% - 60% - 1:25
2 - 59% - 40% - 2:03
PP Defense
1 - 54% - 60% - 1:53
2 - 46% - 40% - 1:35
PK Forward
1 - 79% - 60% - 7:53
2 - 21% - 40% - 2:02
PK Defense
1 - 30% - 60% - 3:00
2 - 70% - 40% - 6:55
PK3 Forward
1 - 0% - 60%
2 - 0% - 40%
PK3 Defense
1 - 0% - 60%
2 - 0% - 40%
44 Forward
1 - 0% - 60%
2 - 0% - 40%
44 Defense
1 - 0% - 60%
2 - 0% - 40%
Last Minute Offensive  - 0:00
Last Minute Defensive  - 0:00
Total
Forward - 60:00
Defense - 60:00

% Time on Ice - Flyers

Lines # - Real PCT - Wanted PCT - Time Play
Normal Forward
1 - 25% - 36% - 11:38
2 - 31% - 32% - 14:07
3 - 29% - 20% - 13:19
4 - 15% - 12% - 7:01
Normal Defense
1 - 37% - 35% - 17:11
2 - 33% - 35% - 15:22
3 - 21% - 20% - 9:32
4 - 9% - 10% - 4:00
PP Forward
1 - 54% - 60% - 5:19
2 - 46% - 40% - 4:36
PP Defense
1 - 47% - 60% - 4:42
2 - 53% - 40% - 5:13
PK Forward
1 - 100% - 60% - 3:28
2 - 0% - 40% - 0:00
PK Defense
1 - 97% - 60% - 3:22
2 - 3% - 40% - 0:06
PK3 Forward
1 - 0% - 50%
2 - 0% - 50%
PK3 Defense
1 - 0% - 60%
2 - 0% - 40%
44 Forward
1 - 0% - 60%
2 - 0% - 40%
44 Defense
1 - 0% - 60%
2 - 0% - 40%
Last Minute Offensive  - 0:00
Last Minute Defensive  - 0:32
Total
Forward - 60:00
Defense - 60:00

Play by Play

1st period


0:01 of 1st period - Evgeni Malkin wins face-off versus Brad Boyes in neutral zone.
0:06 of 1st period - Wrist shot by Taylor Hall.
0:06 of 1st period - Stopped by Cal Heeter without a rebound.
0:07 of 1st period - Evgeni Malkin wins face-off versus Brad Boyes in Panthers zone.
0:32 of 1st period - Snap shot by Taylor Hall.
0:32 of 1st period - Stopped by Cal Heeter with a rebound.
1:00 of 1st period - P.K. Subban is hit by Dustin Penner and loses puck.
1:26 of 1st period - Adam Larsson is hit by Mikko Koivu and loses puck.
1:58 of 1st period - Minor Penalty to Joe Colborne for Hooking.
1:59 of 1st period - Evgeni Malkin wins face-off versus Mats Zuccarello in Panthers zone.
3:58 of 1st period - Penalty to Joe Colborne is over, Joe Colborne is back on ice.
4:08 of 1st period - Minor Penalty to P.K. Subban for Tripping.
4:09 of 1st period - Mark Letestu wins face-off versus Shawn Horcoff in Flyers zone.
4:09 of 1st period - Mark Letestu is hit by Dustin Penner.
4:19 of 1st period - Slapshot by Jakob Silfverberg.
4:19 of 1st period - Goal by Jakob Silfverberg - Panthers : 1 - Flyers : 0.
4:20 of 1st period - Shawn Horcoff wins face-off versus Evgeni Malkin in neutral zone.
4:25 of 1st period - Slapshot by Jake Gardiner.
4:25 of 1st period - Deflect By Shawn Horcoff.
4:25 of 1st period - Shot Misses the Net.
4:25 of 1st period - Puck is out of play.
4:26 of 1st period - Evgeni Malkin wins face-off versus Shawn Horcoff in Flyers zone.
4:38 of 1st period - Icing by Jakob Silfverberg.
4:39 of 1st period - Evgeni Malkin wins face-off versus Shawn Horcoff in Panthers zone.
5:41 of 1st period - Marco Scandella is hit by Gabriel Landeskog and loses puck.
6:04 of 1st period - Minor Penalty to Calvin de Haan for Roughing.
6:05 of 1st period - Evgeni Malkin wins face-off versus Mats Zuccarello in Panthers zone.
6:52 of 1st period - Adam Larsson is hit by P.K. Subban and loses puck.
8:04 of 1st period - Penalty to Calvin de Haan is over, Calvin de Haan is back on ice.
8:05 of 1st period - Wrist shot by Evgeni Malkin.
8:05 of 1st period - Goal by Evgeni Malkin - Panthers : 1 - Flyers : 1.
8:06 of 1st period - David Booth wins face-off versus Chris Kreider in neutral zone.
8:27 of 1st period - Wrist shot by David Booth.
8:27 of 1st period - Stopped by Darcy Kuemper with a rebound.
8:29 of 1st period - Slapshot by Jake Gardiner.
8:29 of 1st period - Shot Blocked by Slava Voynov.
8:31 of 1st period - Snap shot by Joe Colborne.
8:31 of 1st period - Shot Misses the Net.
8:33 of 1st period - Slapshot by Seth Jones.
8:33 of 1st period - Stopped by Darcy Kuemper with a rebound.
8:35 of 1st period - Snap shot by David Booth.
8:35 of 1st period - Stopped by Darcy Kuemper without a rebound.
8:36 of 1st period - Mikko Koivu wins face-off versus Nino Niederreiter in Flyers zone.
8:44 of 1st period - Marco Scandella is hit by Gabriel Landeskog and loses puck.
10:33 of 1st period - Snap shot by Chris Kreider.
10:33 of 1st period - Stopped by Cal Heeter with a rebound.
10:35 of 1st period - Slapshot by Dennis Seidenberg.
10:35 of 1st period - Shot Blocked by Jake Gardiner.
12:14 of 1st period - Jack Hillen is hit by Gabriel Landeskog and loses puck.
12:39 of 1st period - Snap shot by Nino Niederreiter.
12:39 of 1st period - Deflect By Brad Boyes.
12:39 of 1st period - Stopped by Darcy Kuemper with a rebound.
12:57 of 1st period - Jakub Voracek is hit by Alex Galchenyuk and loses puck.
13:26 of 1st period - Calvin de Haan is hit by Jack Johnson and loses puck.
13:31 of 1st period - Snap shot by Chris Kreider.
13:31 of 1st period - Deflect By Nino Niederreiter.
13:31 of 1st period - Shot Blocked by Brad Boyes.
13:31 of 1st period - Puck is out of play.
13:32 of 1st period - Nino Niederreiter wins face-off versus Mark Letestu in Panthers zone.
13:32 of 1st period - Nino Niederreiter is hit by Kris Letang.
13:54 of 1st period - Slapshot by Mikko Koivu.
13:54 of 1st period - Shot Misses the Net.
14:02 of 1st period - Wrist shot by Gabriel Landeskog.
14:02 of 1st period - Stopped by Cal Heeter with a rebound.
14:16 of 1st period - Snap shot by Evgeni Malkin.
14:16 of 1st period - Goal by Evgeni Malkin - Panthers : 1 - Flyers : 2.
14:17 of 1st period - Evgeni Malkin wins face-off versus Alex Galchenyuk in neutral zone.
15:19 of 1st period - Off-side.
15:20 of 1st period - Mikko Koivu wins face-off versus Shawn Horcoff in neutral zone.
15:29 of 1st period - Slapshot by Niklas Kronwall.
15:29 of 1st period - Shot Misses the Net.
16:18 of 1st period - Snap shot by Chris Kreider.
16:18 of 1st period - Shot Blocked by Seth Jones.
16:20 of 1st period - Snap shot by Jason Chimera.
16:20 of 1st period - Stopped by Cal Heeter with a rebound.
16:22 of 1st period - Slapshot by Slava Voynov.
16:22 of 1st period - Stopped by Cal Heeter without a rebound.
16:23 of 1st period - Jakub Voracek wins face-off versus Joe Colborne in Panthers zone.
16:32 of 1st period - Backhand shot by Evgeni Malkin.
16:32 of 1st period - Shot Misses the Net.
16:36 of 1st period - Wrist shot by Taylor Hall.
16:36 of 1st period - Shot Blocked by Jack Hillen.
16:38 of 1st period - Backhand shot by Slava Voynov.
16:38 of 1st period - Stopped by Cal Heeter without a rebound.
16:39 of 1st period - Alex Galchenyuk wins face-off versus Evgeni Malkin in Panthers zone.
17:35 of 1st period - Snap shot by Chris Kreider.
17:35 of 1st period - Stopped by Cal Heeter with a rebound.
17:53 of 1st period - Bryan Little is hit by Mats Zuccarello and loses puck.
18:51 of 1st period - Snap shot by Dustin Penner.
18:51 of 1st period - Shot Hit the Post.
18:53 of 1st period - Snap shot by Jakob Silfverberg.
18:53 of 1st period - Goal by Jakob Silfverberg - Panthers : 2 - Flyers : 2.
18:54 of 1st period - Alex Galchenyuk wins face-off versus Mark Letestu in neutral zone.
19:10 of 1st period - Snap shot by David Booth.
19:10 of 1st period - Stopped by Darcy Kuemper without a rebound.
19:11 of 1st period - Mark Letestu wins face-off versus Alex Galchenyuk in Flyers zone.
19:11 of 1st period - Mark Letestu is hit by Alex Galchenyuk.
19:20 of 1st period - Minor Penalty to Chris Kreider for Holding.
19:21 of 1st period - Shawn Horcoff wins face-off versus Mark Letestu in Flyers zone.
19:29 of 1st period - Slapshot by Jakob Silfverberg.
19:29 of 1st period - Stopped by Darcy Kuemper with a rebound.
Goals for this period are 2 for Panthers vs 2 for Flyers.
Shots for this period are 8 for Panthers vs 10 for Flyers.

2nd period


0:01 of 2nd period - Mark Letestu wins face-off versus Brad Boyes in neutral zone.
0:18 of 2nd period - Slapshot by Jason Chimera.
0:18 of 2nd period - Shot Misses the Net.
0:38 of 2nd period - Wrist shot by Josh Bailey.
0:38 of 2nd period - Goal by Josh Bailey - Panthers : 3 - Flyers : 2.
0:39 of 2nd period - Evgeni Malkin wins face-off versus Shawn Horcoff in neutral zone.
1:08 of 2nd period - Snap shot by Jakob Silfverberg.
1:08 of 2nd period - Shot Misses the Net.
1:54 of 2nd period - Snap shot by Bryan Little.
1:54 of 2nd period - Shot Misses the Net.
1:56 of 2nd period - Slapshot by Jack Johnson.
1:56 of 2nd period - Deflect By Brad Boyes.
1:56 of 2nd period - Stopped by Cal Heeter with a rebound.
1:58 of 2nd period - Slapshot by Jack Johnson.
1:58 of 2nd period - Stopped by Cal Heeter with a rebound.
2:00 of 2nd period - Snap shot by P.K. Subban.
2:00 of 2nd period - Stopped by Cal Heeter without a rebound.
2:01 of 2nd period - Alex Galchenyuk wins face-off versus Mark Letestu in Panthers zone.
4:04 of 2nd period - Snap shot by Bryan Little.
4:04 of 2nd period - Goal by Bryan Little - Panthers : 3 - Flyers : 3.
4:05 of 2nd period - Alex Galchenyuk wins face-off versus Evgeni Malkin in neutral zone.
4:18 of 2nd period - Wrist shot by Evgeni Malkin.
4:18 of 2nd period - Stopped by Cal Heeter with a rebound.
5:04 of 2nd period - Slapshot by Bryan Little.
5:04 of 2nd period - Shot Misses the Net.
5:06 of 2nd period - Slapshot by P.K. Subban.
5:06 of 2nd period - Shot Misses the Net.
5:08 of 2nd period - Slapshot by P.K. Subban.
5:08 of 2nd period - Deflect By Shawn Horcoff.
5:08 of 2nd period - Goal by P.K. Subban - Panthers : 3 - Flyers : 4.
5:09 of 2nd period - Brad Boyes wins face-off versus Gabriel Landeskog in neutral zone.
6:07 of 2nd period - Snap shot by Jakob Silfverberg.
6:07 of 2nd period - Stopped by Darcy Kuemper with a rebound.
6:15 of 2nd period - Snap shot by Jakob Silfverberg.
6:15 of 2nd period - Stopped by Darcy Kuemper with a rebound.
7:37 of 2nd period - Jake Gardiner is hit by Riley Nash and loses puck.
7:50 of 2nd period - Wrist shot by Nino Niederreiter.
7:50 of 2nd period - Shot Blocked by Gabriel Landeskog.
8:22 of 2nd period - Jakob Silfverberg is hit by Jason Chimera and loses puck.
9:27 of 2nd period - Shawn Horcoff is hit by Jack Johnson and loses puck.
9:39 of 2nd period - Jakob Silfverberg is hit by Mikko Koivu and loses puck.
9:50 of 2nd period - Jakob Silfverberg is hit by Riley Nash and loses puck.
10:00 of 2nd period - Wrist shot by Kris Letang.
10:00 of 2nd period - Shot Blocked by Calvin de Haan.
10:22 of 2nd period - Snap shot by Jake Gardiner.
10:22 of 2nd period - Stopped by Darcy Kuemper with a rebound.
10:24 of 2nd period - Snap shot by Josh Bailey.
10:24 of 2nd period - Shot Blocked by Jason Chimera.
10:28 of 2nd period - Wrist shot by Mats Zuccarello.
10:28 of 2nd period - Shot Blocked by Kris Letang.
10:30 of 2nd period - Snap shot by Brad Boyes.
10:30 of 2nd period - Stopped by Darcy Kuemper with a rebound.
10:50 of 2nd period - Jack Johnson is hit by Alex Galchenyuk and loses puck.
10:57 of 2nd period - Jack Johnson is hit by David Booth and loses puck.
11:38 of 2nd period - Snap shot by Alex Galchenyuk.
11:38 of 2nd period - Shot Blocked by Jack Johnson.
12:06 of 2nd period - Slapshot by Slava Voynov.
12:06 of 2nd period - Shot Blocked by Josh Bailey.
12:08 of 2nd period - Minor Penalty to Joe Colborne for Hooking.
12:09 of 2nd period - Mikko Koivu wins face-off versus Mats Zuccarello in Panthers zone.
13:01 of 2nd period - Adam Larsson is hit by Mikko Koivu.
13:05 of 2nd period - Brad Boyes is hit by Gabriel Landeskog and loses puck.
13:28 of 2nd period - Slapshot by Niklas Kronwall.
13:28 of 2nd period - Shot Blocked by Adam Larsson.
14:08 of 2nd period - Penalty to Joe Colborne is over, Joe Colborne is back on ice.
14:45 of 2nd period - Backhand shot by Dustin Penner.
14:45 of 2nd period - Deflect By Jakob Silfverberg.
14:45 of 2nd period - Shot Misses the Net.
14:45 of 2nd period - Puck is out of play.
14:46 of 2nd period - Shawn Horcoff wins face-off versus Mark Letestu in Flyers zone.
15:01 of 2nd period - Snap shot by Chris Kreider.
15:01 of 2nd period - Shot Misses the Net.
15:03 of 2nd period - Snap shot by Slava Voynov.
15:03 of 2nd period - Shot Misses the Net.
15:05 of 2nd period - Slapshot by Slava Voynov.
15:05 of 2nd period - Stopped by Cal Heeter without a rebound.
15:06 of 2nd period - Riley Nash wins face-off versus Nino Niederreiter in Panthers zone.
15:52 of 2nd period - Snap shot by Alex Galchenyuk.
15:52 of 2nd period - Shot Misses the Net.
15:54 of 2nd period - Slapshot by Seth Jones.
15:54 of 2nd period - Shot Blocked by Kris Letang.
16:32 of 2nd period - Snap shot by Nino Niederreiter.
16:32 of 2nd period - Stopped by Darcy Kuemper without a rebound.
16:33 of 2nd period - Nino Niederreiter wins face-off versus Gabriel Landeskog in Flyers zone.
16:52 of 2nd period - Snap shot by Alex Galchenyuk.
16:52 of 2nd period - Shot Misses the Net.
18:30 of 2nd period - Jakob Silfverberg is hit by Slava Voynov and loses puck.
18:50 of 2nd period - Niklas Kronwall is hit by Colin McDonald and loses puck.
Goals for this period are 1 for Panthers vs 2 for Flyers.
Shots for this period are 6 for Panthers vs 7 for Flyers.

3rd period


0:01 of 3rd period - Evgeni Malkin wins face-off versus Brad Boyes in neutral zone.
0:14 of 3rd period - Niklas Kronwall is hit by Brad Boyes and loses puck.
0:25 of 3rd period - Slapshot by Mats Zuccarello.
0:25 of 3rd period - Stopped by Darcy Kuemper without a rebound.
0:26 of 3rd period - Mikko Koivu wins face-off versus Shawn Horcoff in Flyers zone.
0:26 of 3rd period - Mikko Koivu is hit by Jake Gardiner.
0:40 of 3rd period - Off-side.
0:41 of 3rd period - Mikko Koivu wins face-off versus Dustin Penner in neutral zone.
1:12 of 3rd period - Snap shot by Bryan Little.
1:12 of 3rd period - Shot Misses the Net.
1:14 of 3rd period - Minor Penalty to Jakob Silfverberg for Hooking.
1:15 of 3rd period - Mats Zuccarello wins face-off versus Evgeni Malkin in Panthers zone.
2:07 of 3rd period - Snap shot by Gabriel Landeskog.
2:07 of 3rd period - Shot Blocked by Marco Scandella.
2:09 of 3rd period - Snap shot by Slava Voynov.
2:09 of 3rd period - Stopped by Cal Heeter without a rebound.
2:10 of 3rd period - Mikko Koivu wins face-off versus Mats Zuccarello in Panthers zone.
2:49 of 3rd period - Slava Voynov is hit by Mats Zuccarello and loses puck.
3:13 of 3rd period - Icing by Mikko Koivu.
3:14 of 3rd period - Penalty to Jakob Silfverberg is over, Jakob Silfverberg is back on ice.
3:14 of 3rd period - Shawn Horcoff wins face-off versus Mikko Koivu in Flyers zone.
3:21 of 3rd period - Slapshot by Jakob Silfverberg.
3:21 of 3rd period - Stopped by Darcy Kuemper with a rebound.
3:23 of 3rd period - Slapshot by Jake Gardiner.
3:23 of 3rd period - Stopped by Darcy Kuemper with a rebound.
3:25 of 3rd period - Wrist shot by Seth Jones.
3:25 of 3rd period - Shot Misses the Net.
3:27 of 3rd period - Wrist shot by Dustin Penner.
3:27 of 3rd period - Stopped by Darcy Kuemper without a rebound.
3:28 of 3rd period - Shawn Horcoff wins face-off versus Mark Letestu in Flyers zone.
4:23 of 3rd period - Taylor Hall is hit by Seth Jones and loses puck.
4:36 of 3rd period - Snap shot by Alex Galchenyuk.
4:36 of 3rd period - Shot Misses the Net.
5:06 of 3rd period - Backhand shot by Bryan Little.
5:06 of 3rd period - Stopped by Cal Heeter with a rebound.
5:18 of 3rd period - Wrist shot by Mikko Koivu.
5:18 of 3rd period - Stopped by Cal Heeter without a rebound.
5:19 of 3rd period - Shawn Horcoff wins face-off versus Riley Nash in Panthers zone.
6:00 of 3rd period - P.K. Subban is hit by Marco Scandella and loses puck.
6:18 of 3rd period - Nino Niederreiter is hit by Jason Chimera and loses puck.
6:36 of 3rd period - Jason Chimera is hit by Josh Bailey and loses puck.
6:43 of 3rd period - Mats Zuccarello is hit by Chris Kreider.
7:09 of 3rd period - Snap shot by Mikko Koivu.
7:09 of 3rd period - Shot Misses the Net.
7:32 of 3rd period - Slava Voynov is hit by David Booth and loses puck.
8:09 of 3rd period - Dennis Seidenberg is hit by David Booth and loses puck.
8:38 of 3rd period - Snap shot by Jakob Silfverberg.
8:38 of 3rd period - Stopped by Darcy Kuemper without a rebound.
8:39 of 3rd period - Shawn Horcoff wins face-off versus Mark Letestu in Flyers zone.
8:50 of 3rd period - Wrist shot by Josh Bailey.
8:50 of 3rd period - Shot Misses the Net.
8:56 of 3rd period - Mark Letestu is hit by Calvin de Haan.
9:07 of 3rd period - Wrist shot by Chris Kreider.
9:07 of 3rd period - Shot Misses the Net.
9:25 of 3rd period - Snap shot by Evgeni Malkin.
9:25 of 3rd period - Shot Misses the Net.
10:10 of 3rd period - Slapshot by Jake Gardiner.
10:10 of 3rd period - Shot Misses the Net.
10:12 of 3rd period - Snap shot by Dustin Penner.
10:12 of 3rd period - Stopped by Darcy Kuemper with a rebound.
10:14 of 3rd period - Snap shot by Jake Gardiner.
10:14 of 3rd period - Stopped by Darcy Kuemper with a rebound.
11:23 of 3rd period - Calvin de Haan is hit by Chris Kreider and loses puck.
11:49 of 3rd period - Backhand shot by Niklas Kronwall.
11:49 of 3rd period - Shot Blocked by Marco Scandella.
11:51 of 3rd period - Slapshot by Niklas Kronwall.
11:51 of 3rd period - Shot Misses the Net.
11:53 of 3rd period - Snap shot by Niklas Kronwall.
11:53 of 3rd period - Shot Misses the Net.
12:33 of 3rd period - Snap shot by Taylor Hall.
12:33 of 3rd period - Shot Misses the Net.
12:35 of 3rd period - Slapshot by Jack Johnson.
12:35 of 3rd period - Shot Blocked by Joe Colborne.
12:37 of 3rd period - Slapshot by Jack Johnson.
12:37 of 3rd period - Stopped by Cal Heeter with a rebound.
13:04 of 3rd period - Slapshot by Mats Zuccarello.
13:04 of 3rd period - Shot Blocked by Jack Johnson.
13:32 of 3rd period - Off-side.
13:33 of 3rd period - Mikko Koivu wins face-off versus Colin McDonald in neutral zone.
13:38 of 3rd period - Snap shot by Bryan Little.
13:38 of 3rd period - Stopped by Cal Heeter with a rebound.
13:55 of 3rd period - Backhand shot by Adam Larsson.
13:55 of 3rd period - Shot Misses the Net.
13:57 of 3rd period - Slapshot by Nino Niederreiter.
13:57 of 3rd period - Shot Blocked by Niklas Kronwall.
14:04 of 3rd period - Icing by Niklas Kronwall.
14:05 of 3rd period - Shawn Horcoff wins face-off versus Evgeni Malkin in Flyers zone.
14:12 of 3rd period - Wrist shot by Dustin Penner.
14:12 of 3rd period - Shot Blocked by Niklas Kronwall.
14:14 of 3rd period - Slapshot by Jack Hillen.
14:14 of 3rd period - Deflect By Dustin Penner.
14:14 of 3rd period - Shot Misses the Net.
14:14 of 3rd period - Puck is out of play.
14:15 of 3rd period - Mikko Koivu wins face-off versus Shawn Horcoff in Flyers zone.
14:40 of 3rd period - Minor Penalty to Shawn Horcoff for Holding.
14:41 of 3rd period - Evgeni Malkin wins face-off versus Mats Zuccarello in Panthers zone.
14:50 of 3rd period - Slapshot by Taylor Hall.
14:50 of 3rd period - Shot Misses the Net.
15:18 of 3rd period - Slapshot by P.K. Subban.
15:18 of 3rd period - Stopped by Cal Heeter with a rebound.
15:28 of 3rd period - Wrist shot by Bryan Little.
15:28 of 3rd period - Shot Misses the Net.
15:30 of 3rd period - Slapshot by Slava Voynov.
15:30 of 3rd period - Shot Blocked by Mats Zuccarello.
15:44 of 3rd period - Brad Boyes is hit by Evgeni Malkin and loses puck.
16:29 of 3rd period - P.K. Subban is hit by Jack Hillen and loses puck.
16:34 of 3rd period - Slapshot by Josh Bailey.
16:34 of 3rd period - Stopped by Darcy Kuemper without a rebound.
16:35 of 3rd period - Evgeni Malkin wins face-off versus Joe Colborne in Flyers zone.
16:40 of 3rd period - Penalty to Shawn Horcoff is over, Shawn Horcoff is back on ice.
17:08 of 3rd period - Slapshot by Jake Gardiner.
17:08 of 3rd period - Shot Misses the Net.
17:10 of 3rd period - Snap shot by Josh Bailey.
17:10 of 3rd period - Shot Misses the Net.
17:12 of 3rd period - Wrist shot by Joe Colborne.
17:12 of 3rd period - Stopped by Darcy Kuemper with a rebound.
17:18 of 3rd period - Minor Penalty to Chris Kreider for Roughing.
17:19 of 3rd period - Mark Letestu wins face-off versus Shawn Horcoff in Flyers zone.
18:24 of 3rd period - Dennis Seidenberg is hit by Brad Boyes and loses puck.
18:37 of 3rd period - Bryan Little is hit by Josh Bailey and loses puck.
19:07 of 3rd period - Panthers, Cal Heeter is pulled from the net.
19:07 of 3rd period - Slapshot by Adam Larsson.
19:07 of 3rd period - Shot Blocked by Jack Johnson.
19:09 of 3rd period - Snap shot by Adam Larsson.
19:09 of 3rd period - Shot Blocked by Dennis Seidenberg.
19:11 of 3rd period - Slapshot by Shawn Horcoff.
19:11 of 3rd period - Deflect By Dustin Penner.
19:11 of 3rd period - Deflect By Jack Johnson.
19:11 of 3rd period - Shot Misses the Net.
19:11 of 3rd period - Puck is out of play.
19:12 of 3rd period - Jon Cooper call a timeout for Panthers.
19:12 of 3rd period - Shawn Horcoff wins face-off versus Mark Letestu in Flyers zone.
19:18 of 3rd period - Penalty to Chris Kreider is over, Chris Kreider is back on ice.
Goals for this period are 0 for Panthers vs 0 for Flyers.
Shots for this period are 9 for Panthers vs 6 for Flyers.


Output by the SimonT Hockey Simulator (STHS) for Eric Dolegowski -- Original Page W3C XHTML 1.0 Valid
Hockey Simulator - Hockey Simulation - Hockey Manager